Unix xNetHack Version 8.0.0 - last build Mar 23 2024 02:42:02 (1964348d4f5f1cf1067ea9968e02252fcc83c468). Game began 2024-03-28 07:34:32, ended 2024-03-28 16:48:40. Catomat, neutral female human Wizard ------- |.....-### ----------- -------- |.....| ## |...*...<.-####q## |.......#)####-....<)##############......d...| ##### |......| ###|.....| # # |.........| # |.......## #-|---.- ####### ----------- # ---r----- |......| # ############# ## ###..$$d$$$$| |.......### ## #######0######### s $mY$$p| -------- ## ## ## ############ ##. p$$| #### ### ## --------------|- # --- # ---.- ## |..............| @ #####....| ####...............| # |...| |>.............| # |...| ##########................##*###*###### |....### ---------------- # ----- Catomat the Thaumaturge St:11 Dx:14 Co:17 In:18 Wi:14 Ch:9 Neutral S:18615 Dlvl:7 $:1553 HP:0(68) Pw:9(109) AC:-3 Xp:9/4128 T:14654 Blind Latest messages: You are now wearing a blindfold. You can't see any more. You try to feel what is lying here on the ground. There are two objects here. You hear a crunching sound. You try to feel what is lying here on the ground. You feel here a violet gem. You hear a crunching sound. What do you want to use or apply? [gjkpswAEST or ?*] You now wield an uncursed mithril dwarvish mattock {75}. In what direction do you want to dig? [hykulnb>] You start digging. You hit the rock with all your might. You hear a crunching sound. The rothe moves the large dog out of its way! You succeed in cutting away some rock. You hear a sound reminiscent of an elephant stepping on a peanut. Your legs get new energy. In what direction? The magic missile hits the snake! You kill the gecko! You don't have enough energy to cast that spell. Welcome to David's treasure zoo! The gecko bites! You hear a crunching sound. In what direction? The spell hits the gecko! You kill the gecko! The spell misses the snake. The snake bites! You begin bashing monsters with your mithril dwarvish mattock. You kill the snake! You try to feel what is lying here on the ground. You feel here a violet gem. In what direction? The spell hits the cockatrice! The cockatrice resists! In what direction? The spell hits the cockatrice! The cockatrice resists! In what direction? The spell hits the cockatrice! You kill the cockatrice! You try to feel what is lying here on the ground. You feel here a cockatrice corpse. Touching the cockatrice corpse is a fatal mistake... You turn to stone... Do you want your possessions identified? [ynq] (y) Do you want to see your attributes? [ynq] (y) Do you want an account of creatures vanquished? [ynaq] (y) Inventory: Inventory: 616/750 weight (27/52 slots) Coins $ - 1553 gold pieces {16} Amulets P - an uncursed copper amulet versus poison (being worn) {24} Weapons d - a +0 dagger {10} Q - 11 +0 daggers (at the ready) {110} p - a +0 mithril dwarvish mattock (weapon in hands) {75} Armor H - an uncursed +0 mithril dwarvish helm (being worn) {19} B - an uncursed +0 pair of mithril dwarvish boots (being worn) {24} C - an uncursed +0 cloak of magic resistance (being worn) {8} M - an uncursed +0 mithril elven ring mail (being worn) {88} Comestibles I - an uncursed banana {2} A - 4 uncursed cream pies {40} h - 5 uncursed food rations {100} z - an uncursed lembas wafer {5} F - an uncursed lembas wafer {5} G - an uncursed lizard corpse {10} U - an uncursed lizard corpse {10} Scrolls D - an uncursed scroll of create monster {5} Rings x - an uncursed +1 ring of increase damage {3} Y - an uncursed ring of protection from shape changers {3} X - an uncursed ring of teleport control (on left hand) {3} Wands S - a wand of digging (0:3) {7} g - a wand of magic missile (0:1) {7} Tools T - an uncursed blindfold (being worn) {2} w - a cursed copper magic whistle {3} k - an uncursed skeleton key {3} s - an uncursed stethoscope {4} E - a +0 unicorn horn {20} Gems/Stones j - an uncursed luckstone {10} Catomat the Wizard's attributes: Background: You were a Thaumaturge, a level 9 female human Wizard. You were neutral, on a mission for Thoth who was opposed by Ptah (lawful) and Anhur (chaotic). You were heterosexual. You were in the Dungeons of Doom, on level 7. You entered the dungeon 14654 turns ago. You had 4128 experience points, 992 more were needed to attain level 10. Your score was 18615 before end-of-game adjustments. Basics: You had 0 out of 68 hit points. You had 9 out of 109 energy points (spell power). Your armor class was -3. Your wallet contained 1553 zorkmids. Autopickup was on for '$"?!=/' plus thrown. Final Characteristics: Your strength was 11 (limit:18/100). Your dexterity was 14 (peak:15, limit:18). Your constitution was 17 (limit:18). Your intelligence was 18 (limit:18). Your wisdom was 14 (limit:18). Your charisma was 9 (limit:18). Final Status: You were deliberately blind. You were not hungry. You were unencumbered. You were wielding a mattock. You had no skill with pick-axe. Final Attributes: You were piously aligned. You were magic-protected. You were sleep resistant. You were poison resistant. You were telepathic. You aggravated monsters. You could teleport. You had teleport control. You had a small defense bonus (+2). You were guarded. You were very fast. You were lucky. You had extra luck. Bad luck did not time out for you. Good luck did not time out for you. You are dead. Miscellaneous: You never encountered a bones level. Total elapsed playing time was 4 hours, 48 minutes and 41 seconds. Major events: Turn 1: Catomat the neutral female human Wizard entered the dungeon 507: attained the rank of Conjurer (level 3) 799: entered the Gnomish Mines 2917: attained the rank of Thaumaturge (level 6) 13084: acquired the Mines' End luckstone 14148: entered Sokoban 14654: petrified by touching a cockatrice corpse bare-handed Vanquished creatures: a large mimic 8 small mimics a large dog a gargoyle a red naga 3 Grey-elves a chameleon a quivering blob 3 cockatrices 3 wolves 2 winter wolf cubs a panther a leprechaun an iron piercer a giant spider a vampire bat a gnome ruler an ogre an owlbear a gold golem 2 lizards a chickatrice a dog a housecat a dwarf leader a blue jelly a black unicorn a plains centaur 2 snakes a soldier ant 2 fire ants an imp 2 bugbears a rock piercer 2 yellow lights a shrieker 11 gnome leaders 4 gnomish wizards 2 kobold mummies a gray ooze a barrow wight 3 elf zombies a ghoul 7 giant ants 2 floating eyes 2 kittens 21 dwarves a homunculus a kobold leader 2 kobold shamans 4 hill orcs a rothe a centipede a giant bat 2 orc zombies a wererat a werejackal an iguana 2 killer bees an acid blob 3 coyotes 4 hobbits a hobgoblin 5 giant rats 8 cave spiders a yellow mold 2 green molds 78 gnomes 2 garter snakes 6 geckos 2 jackals a fox 5 kobolds 4 goblins 5 sewer rats 10 grid bugs 2 bats 12 lichens 4 kobold zombies 13 newts 297 creatures vanquished. No species were genocided or became extinct. Voluntary challenges: You read items or engraved 30 times. You never genocided any monsters. You never polymorphed an object. You never changed form. You never touched an artifact. You used no wishes. You were celibate. You never generated conflict. You did not violate any of the special Sokoban rules. Achievements: You attained the rank of Conjurer. You entered the Gnomish Mines. You entered a shop. You attained the rank of Thaumaturge. You entered a temple. You completed the Gnomish Mines. You entered Sokoban. Dungeon overview: The Dungeons of Doom: levels 1 to 8 Level 1: "stash" Level 2: "vault" Some fountains. Stairs down to The Gnomish Mines. Level 3: A general store, a fountain, a tree. Level 4: "vault" A fountain, a grave. Level 5: "stash" A general store. Level 6: Many fountains. Oracle of Delphi. Level 7: <- You were here. A fountain. Stairs up to Sokoban, level 6. Final resting place for you, petrified by touching a cockatrice corpse bare-handed. Level 8: The Gnomish Mines: levels 3 to 10 Level 3: Level 4: Level 5: Level 6: Many shops, a temple, some fountains. Level 7: Level 8: Level 9: Level 10: A fountain. Sokoban: Level 6: Unsolved. Game over: __________ / \ / REST \ / IN \ / PEACE \ / \ | Catomat | | 1553 Au | | petrified by | | touching a | | cockatrice | | corpse | | 2024 | *| * * * | * _________)/\\_//(\/(/\)/\//\/|_)_______ Goodbye Catomat the Wizard... You turned to stone in The Dungeons of Doom on dungeon level 7 with 18460 points, and 1553 pieces of gold, after 14654 moves. You were level 9 with a maximum of 68 hit points when you turned to stone.